BLB
MONTREAL EXPORTS @ NEW ORLEANS VOODOO
04/09/2063
 
TOP OF THE 1ST
Montreal Exports batting - Pitching for New Orleans Voodoo : RHP Cedric Erickson
Pitching: RHP Cedric Erickson
Batting: LHB Teddy Burch 0-0: Ball
1-0: Ground out 5-3 (Groundball, 56, EV 86.9 MPH)
Batting: RHB Andy Christman 0-0: Swinging Strike
0-1: Ball
1-1: Called Strike
1-2: Ball
2-2: SINGLE (Flyball, 8RS, EV 86.9 MPH)
Batting: RHB Henry Miller 0-0: Swinging Strike
0-1: Swinging Strike
0-2: Foul Ball, location: 2F
0-2: Ball
1-2: Foul Ball, location: 2F
1-2: Ball
2-2: Grounds into double play, 3-6-3 (Groundball, 3S, EV 85.6 MPH)
Top of the 1st over - 0 runs, 1 hit, 0 errors, 0 left on base; Montreal 0 - New Orleans 0
BOTTOM OF THE 1ST
New Orleans Voodoo batting - Pitching for Montreal Exports : RHP Jake Stewart
Pitching: RHP Jake Stewart
Batting: LHB Jordy Wovchanoff 0-0: Called Strike
0-1: Ball
1-1: Called Strike
1-2: Ball
2-2: Fly out, F7 (Line Drive, 7S, EV 106.9 MPH)
Batting: RHB Dez Swanson 0-0: Ball
1-0: SOLO HOME RUN (Flyball, 78XD, EV 109.4 MPH), Distance : 432 ft
Batting: RHB Lon Leseberg 0-0: Ball
1-0: Ball
2-0: Called Strike
2-1: Fly out, F3 (Popup, 3S, EV 86.2 MPH)
Batting: RHB Andy Bernard 0-0: Foul Ball, location: 2F
0-1: Ball
1-1: Swinging Strike
1-2: Strikes out swinging
Bottom of the 1st over - 1 run, 1 hit, 0 errors, 0 left on base; Montreal 0 - New Orleans 1
TOP OF THE 2ND
Montreal Exports batting - Pitching for New Orleans Voodoo : RHP Cedric Erickson
Batting: RHB Eli Tracy 0-0: Ball
1-0: SOLO HOME RUN (Flyball, 78XD, EV 104.4 MPH), Distance : 413 ft
Batting: RHB Derell Machuca 0-0: Swinging Strike
0-1: SINGLE (Flyball, 8LS, EV 96.9 MPH)
Batting: LHB Cole Marshall 0-0: Called Strike
0-1: Foul Ball, location: 2F
0-2: Strikes out looking
Batting: RHB Vincent Manning 0-0: Ball
1-0: Called Strike
1-1: Ground out 5-3 (Groundball, 5L, EV 96.9 MPH)
Derell Machuca to second
Batting: RHB Cody Henning 0-0: Called Strike
0-1: Ball
1-1: Fly out, F8 (Flyball, 8RM, EV 89.4 MPH)
Top of the 2nd over - 1 run, 2 hits, 0 errors, 1 left on base; Montreal 1 - New Orleans 1
BOTTOM OF THE 2ND
New Orleans Voodoo batting - Pitching for Montreal Exports : RHP Jake Stewart
Batting: RHB Nathan Stiso 0-0: Ball
1-0: Ball
2-0: Called Strike
2-1: Called Strike
2-2: Fly out, F8 (Line Drive, 89M, EV 98.1 MPH)
Batting: LHB Garett Thomas 0-0: Ball
1-0: Fly out, F8 (Flyball, 8RM, EV 87.5 MPH)
Batting: SHB Darren Lane 0-0: Foul Ball, location: 2F
0-1: Foul Ball, location: 2F
0-2: Ball
1-2: Foul Ball, location: 2F
1-2: Ground out 3-1 (Groundball, 34S, EV 81.9 MPH)
Bottom of the 2nd over - 0 runs, 0 hits, 0 errors, 0 left on base; Montreal 1 - New Orleans 1
TOP OF THE 3RD
Montreal Exports batting - Pitching for New Orleans Voodoo : RHP Cedric Erickson
Batting: RHB Max Johnson 0-0: Foul Ball, location: 2F
0-1: Ball
1-1: Foul Ball, location: 2F
1-2: Strikes out swinging
Batting: LHB Teddy Burch 0-0: SINGLE (Groundball, 6S, EV 69.4 MPH) (infield hit)
Batting: RHB Andy Christman 0-0: Called Strike
0-1: Swinging Strike
Teddy Burch steals 2nd base
0-2: Strikes out swinging
Batting: RHB Henry Miller 0-0: Ball
1-0: Called Strike
1-1: DOUBLE (Groundball, 5L, EV 101.9 MPH)
Teddy Burch scores
Batting: RHB Eli Tracy 0-0: Swinging Strike
0-1: Ball
1-1: Ball
2-1: SINGLE (Groundball, 6MD, EV 101.2 MPH)
Henry Miller to third
Runner from 3rd tries for Home, SAFE, throw by CF to home
Batting: RHB Derell Machuca 0-0: Called Strike
0-1: Fielders Choice at 2nd, 6-4 (Groundball, 6, EV 86.2 MPH)
Top of the 3rd over - 2 runs, 3 hits, 0 errors, 1 left on base; Montreal 3 - New Orleans 1
BOTTOM OF THE 3RD
New Orleans Voodoo batting - Pitching for Montreal Exports : RHP Jake Stewart
Batting: LHB Johnathan Weeks 0-0: Ball
1-0: Swinging Strike
1-1: Swinging Strike
1-2: Strikes out swinging
Batting: RHB Brendan McIntyre 0-0: Called Strike
0-1: Called Strike
0-2: Fly out, F7 (Flyball, 78D, EV 90.0 MPH)
Batting: LHB Jordy Wovchanoff 0-0: Swinging Strike
0-1: Swinging Strike
0-2: TRIPLE (Line Drive, 9D, EV 96.9 MPH)
Batting: RHB Dez Swanson 0-0: Ball
1-0: Called Strike
1-1: Foul Ball, location: 2F
1-2: Hit by Pitch
Batting: RHB Lon Leseberg 0-0: Ball
1-0: Ball
2-0: SINGLE (Groundball, 6S, EV 69.4 MPH) (infield hit)
Jordy Wovchanoff scores
Dez Swanson to second
Batting: RHB Andy Bernard 0-0: Foul Ball, location: 2F
0-1: Ball
1-1: Ball
2-1: Ball
3-1: Foul Ball, location: 2F
3-2: Strikes out looking
Bottom of the 3rd over - 1 run, 2 hits, 0 errors, 2 left on base; Montreal 3 - New Orleans 2
TOP OF THE 4TH
Montreal Exports batting - Pitching for New Orleans Voodoo : RHP Cedric Erickson
Batting: LHB Cole Marshall 0-0: Foul Ball, location: 2F
0-1: Ball
1-1: Foul Ball, location: 2F
1-2: Ball
2-2: Ball
3-2: Foul Ball, location: 2F
3-2: Foul Ball, location: 2F
3-2: Base on Balls
Batting: RHB Vincent Manning 0-0: Foul Ball, location: 2F
0-1: Ball
1-1: Ball
2-1: Foul Ball, location: 2F
2-2: Fly out, F7 (Line Drive, 7, EV 104.4 MPH)
Batting: RHB Cody Henning 0-0: SINGLE (Groundball, 34D, EV 98.1 MPH)
Cole Marshall to second
Runner from 2nd tries for 3rd, SAFE, throw by RF made to third
Cody Henning to second
Batting: RHB Max Johnson 0-0: Ground out 3-1 (Groundball, 13, EV 87.5 MPH)
Cole Marshall scores
Cody Henning to third
Batting: LHB Teddy Burch 0-0: Ball
1-0: Swinging Strike
1-1: Ball
2-1: Ball
3-1: SINGLE (Line Drive, 3D, EV 108.1 MPH)
Cody Henning scores
Pitching: LHP Noel Fetter
Batting: RHB Andy Christman 0-0: Ball
1-0: Swinging Strike
1-1: Foul Ball, location: 2F
1-2: Strikes out looking
Top of the 4th over - 2 runs, 2 hits, 0 errors, 1 left on base; Montreal 5 - New Orleans 2
BOTTOM OF THE 4TH
New Orleans Voodoo batting - Pitching for Montreal Exports : RHP Jake Stewart
Batting: RHB Nathan Stiso 0-0: Ball
1-0: Ball
2-0: Called Strike
2-1: Ball
3-1: SINGLE (Line Drive, 89S, EV 98.8 MPH)
Batting: LHB Garett Thomas 0-0: Foul Ball, location: 2F
0-1: Ball
1-1: Ball
2-1: Ball
3-1: Called Strike
3-2: Base on Balls
Nathan Stiso to second
Batting: SHB Darren Lane 0-0: Ball
1-0: Ball
2-0: Foul Ball, location: 2F
2-1: Ball
3-1: Called Strike
3-2: Grounds into double play, 6-4-3 (Groundball, 6, EV 100.0 MPH)
Nathan Stiso to third
Batting: LHB Johnathan Weeks 0-0: Called Strike
0-1: Called Strike
0-2: Ball
1-2: Strikes out swinging
Bottom of the 4th over - 0 runs, 1 hit, 0 errors, 1 left on base; Montreal 5 - New Orleans 2
TOP OF THE 5TH
Montreal Exports batting - Pitching for New Orleans Voodoo : LHP Noel Fetter
Batting: RHB Henry Miller 0-0: Ball
1-0: Ball
2-0: Called Strike
2-1: Swinging Strike
2-2: Ball
3-2: Foul Ball, location: 2F
3-2: Strikes out swinging
Batting: RHB Eli Tracy 0-0: Swinging Strike
0-1: Ground out 6-3 (Groundball, 56, EV 88.8 MPH)
Batting: RHB Derell Machuca 0-0: Ball
1-0: SINGLE (Groundball, 34D, EV 107.5 MPH)
Batting: LHB Cole Marshall 0-0: 2-RUN HOME RUN (Flyball, 9LD, EV 97.5 MPH), Distance : 354 ft
Batting: RHB Vincent Manning 0-0: Ball
1-0: Called Strike
1-1: SOLO HOME RUN (Flyball, 7D, EV 93.8 MPH), Distance : 375 ft
Pitching: LHP Braxton Werner
Batting: RHB Cody Henning 0-0: Ball
1-0: Foul Ball, location: 2F
1-1: Ball
2-1: DOUBLE (Line Drive, 8RD, EV 105.6 MPH)
Batting: RHB Max Johnson 0-0: Ball
1-0: Ball
2-0: Foul Ball, location: 2F
2-1: Called Strike
2-2: Strikes out swinging
Top of the 5th over - 3 runs, 4 hits, 0 errors, 1 left on base; Montreal 8 - New Orleans 2
BOTTOM OF THE 5TH
New Orleans Voodoo batting - Pitching for Montreal Exports : RHP Jake Stewart
Batting: RHB Brendan McIntyre 0-0: Ball
1-0: Ball
2-0: Called Strike
2-1: Swinging Strike
2-2: Strikes out swinging
Batting: LHB Jordy Wovchanoff 0-0: Ball
1-0: Called Strike
1-1: Ground out 6-3 (Groundball, 6, EV 94.4 MPH)
Batting: RHB Dez Swanson 0-0: Called Strike
0-1: Ball
1-1: Fly out, F7 (Flyball, 7S, EV 95.0 MPH)
Bottom of the 5th over - 0 runs, 0 hits, 0 errors, 0 left on base; Montreal 8 - New Orleans 2
TOP OF THE 6TH
Montreal Exports batting - Pitching for New Orleans Voodoo : LHP Braxton Werner
Batting: LHB Teddy Burch 0-0: Ball
1-0: Ball
2-0: Called Strike
2-1: SINGLE (Groundball, 34D, EV 95.0 MPH)
Batting: RHB Andy Christman 0-0: Called Strike
0-1: Foul Ball, location: 2F
0-2: Ball
1-2: Strikes out swinging
Batting: RHB Henry Miller 0-0: Grounds into double play, 1-6-3 (Groundball, 13S, EV 74.4 MPH)
Top of the 6th over - 0 runs, 1 hit, 0 errors, 0 left on base; Montreal 8 - New Orleans 2
BOTTOM OF THE 6TH
New Orleans Voodoo batting - Pitching for Montreal Exports : RHP Jake Stewart
Batting: RHB Lon Leseberg 0-0: Swinging Strike
0-1: Swinging Strike
0-2: Strikes out swinging, 2-3 out at first.
Batting: RHB Andy Bernard 0-0: Foul Ball, location: 2F
0-1: Called Strike
0-2: Strikes out looking
Batting: RHB Nathan Stiso 0-0: Called Strike
0-1: Ball
1-1: Foul Ball, location: 2F
1-2: Strikes out swinging
Bottom of the 6th over - 0 runs, 0 hits, 0 errors, 0 left on base; Montreal 8 - New Orleans 2
TOP OF THE 7TH
Montreal Exports batting - Pitching for New Orleans Voodoo : LHP Braxton Werner
Batting: RHB Eli Tracy 0-0: Ball
1-0: Called Strike
1-1: Foul Ball, location: 2F
1-2: Strikes out swinging
Batting: RHB Derell Machuca 0-0: Called Strike
0-1: Swinging Strike
0-2: Strikes out swinging
Batting: LHB Cole Marshall 0-0: Ball
1-0: Ball
2-0: Called Strike
2-1: Swinging Strike
2-2: Strikes out looking
Top of the 7th over - 0 runs, 0 hits, 0 errors, 0 left on base; Montreal 8 - New Orleans 2
BOTTOM OF THE 7TH
New Orleans Voodoo batting - Pitching for Montreal Exports : RHP Jake Stewart
Batting: LHB Garett Thomas 0-0: Ball
1-0: Ball
2-0: Fly out, F7 (Flyball, 7LM, EV 89.4 MPH)
Batting: SHB Darren Lane 0-0: Ball
1-0: Called Strike
1-1: Foul Ball, location: 2F
1-2: Fly out, F7 (Flyball, 7D, EV 102.5 MPH)
Batting: LHB Johnathan Weeks 0-0: Called Strike
0-1: Swinging Strike
0-2: Ball
1-2: SINGLE (Groundball, 6M, EV 78.1 MPH) (infield hit)
Batting: RHB Brendan McIntyre 0-0: Called Strike
0-1: Foul Ball, location: 2F
0-2: Ball
1-2: Ball
2-2: Strikes out swinging
Bottom of the 7th over - 0 runs, 1 hit, 0 errors, 1 left on base; Montreal 8 - New Orleans 2
TOP OF THE 8TH
Montreal Exports batting - Pitching for New Orleans Voodoo : LHP Braxton Werner
Batting: RHB Vincent Manning 0-0: Ground out 3-1 (Groundball, 34, EV 85.0 MPH)
Batting: RHB Cody Henning 0-0: Called Strike
0-1: Foul Ball, location: 2F
0-2: Ball
1-2: Fly out, F2 (Popup, 2R, EV 91.9 MPH)
Batting: RHB Max Johnson 0-0: Ball
1-0: Called Strike
1-1: Called Strike
1-2: Strikes out looking
Top of the 8th over - 0 runs, 0 hits, 0 errors, 0 left on base; Montreal 8 - New Orleans 2
BOTTOM OF THE 8TH
New Orleans Voodoo batting - Pitching for Montreal Exports : RHP Jake Stewart
Batting: LHB Jordy Wovchanoff 0-0: Called Strike
0-1: SINGLE (Groundball, 4M, EV 104.4 MPH) (infield hit)
Batting: RHB Dez Swanson 0-0: Foul Ball, location: 2F
0-1: Foul Ball, location: 2F
0-2: Foul Ball, location: 2F
0-2: Ball
1-2: Ball
2-2: DOUBLE (Line Drive, 9LS, EV 111.2 MPH)
Jordy Wovchanoff to third
Pitching: RHP Rakim Antonopoulos
Batting: RHB Lon Leseberg 0-0: Ball
1-0: Fly out, F8 (Flyball, 89M, EV 83.1 MPH)
Batting: RHB Andy Bernard 0-0: Ball
1-0: SINGLE (Groundball, 6MD, EV 98.8 MPH)
Jordy Wovchanoff scores
Dez Swanson to third
Runner from 3rd tries for Home, throw by CF and OUT! 8-2
Batting: RHB Nathan Stiso 0-0: Ball
1-0: Ball
Wild Pitch!
Andy Bernard to second
2-0: Foul Ball, location: 2F
2-1: Ball
3-1: SINGLE (Flyball, 5D, EV 90.0 MPH)
Andy Bernard to third
Batting: LHB Garett Thomas 0-0: Fly out, F4 (Popup, 4MD, EV 46.9 MPH)
Bottom of the 8th over - 1 run, 4 hits, 0 errors, 2 left on base; Montreal 8 - New Orleans 3
TOP OF THE 9TH
Montreal Exports batting - Pitching for New Orleans Voodoo : LHP Braxton Werner
Batting: LHB Teddy Burch 0-0: Ground out 4-3 (Groundball, 4M, EV 89.4 MPH)
Batting: RHB Andy Christman 0-0: Called Strike
0-1: Ball
1-1: Foul Ball, location: 2F
1-2: Foul Ball, location: 2F
1-2: Strikes out swinging
Batting: RHB Henry Miller 0-0: Ball
1-0: Foul Ball, location: 2F
1-1: Foul Ball, location: 2F
1-2: Strikes out swinging
Top of the 9th over - 0 runs, 0 hits, 0 errors, 0 left on base; Montreal 8 - New Orleans 3
BOTTOM OF THE 9TH
New Orleans Voodoo batting - Pitching for Montreal Exports : RHP Rakim Antonopoulos
Batting: SHB Darren Lane 0-0: Ball
1-0: SOLO HOME RUN (Flyball, 9D, EV 97.5 MPH), Distance : 377 ft
Batting: LHB Johnathan Weeks 0-0: Called Strike
0-1: Ball
1-1: Ball
2-1: Ball
3-1: Fly out, F5 (Line Drive, 5L, EV 73.8 MPH)
Batting: RHB Brendan McIntyre 0-0: Swinging Strike
0-1: Ball
1-1: Swinging Strike
1-2: Strikes out looking
Batting: LHB Jordy Wovchanoff 0-0: Ball
1-0: Ball
2-0: Foul Ball, location: 2F
2-1: DOUBLE (Line Drive, 7LM, EV 93.1 MPH)
Batting: RHB Dez Swanson 0-0: Called Strike
0-1: Ball
1-1: Ground out 1-3 (Groundball, 34S, EV 65.6 MPH)
Bottom of the 9th over - 1 run, 2 hits, 0 errors, 1 left on base; Montreal 8 - New Orleans 4
Tuesday, October 29th , 2024 - OOTP Baseball 23.10 Build 110